 Dungeon Crawl Stone Soup version 0.30.1-4-g462c640d31 (webtiles) character file.

Game seed: 5442375863656238004

35 safid the Chiller (level 3, -1/26 HPs)
             Began as a Merfolk Ice Elementalist on Sept 6, 2023.
             Slain by an orc
             ... wielding a +0 dagger
              (2 damage)
             ... on level 2 of the Dungeon.
             The game lasted 00:02:00 (968 turns).

safid the Chiller (Merfolk Ice Elementalist)         Turns: 968, Time: 00:02:01

Health: -1/26      AC:  2    Str:  8    XL:     3   Next: 35%
Magic:  2/6        EV: 17    Int: 16    God:
Gold:   47         SH:  0    Dex: 14    Spells: 6/7 levels left

rFire   . . .        m - +0 dagger
rCold   . . .        (no shield)
rNeg    . . .        a - +0 robe
rPois   .            (no helmet)
rElec   .            (no cloak)
rCorr   .            (no gloves)
SInv    .            (no boots)
Will    .....        (no amulet)
Stlth   ++           f - +5 ring of evasion
HPRegen 0.24/turn    k - ring of wizardry
MPRegen 0.10/turn

%: wizardry (x1)
@: no status effects
A: (nimble swimmer 2), mertail
a: no special abilities


You were on level 2 of the Dungeon.
You visited 1 branch of the dungeon, and saw 2 of its levels.

You collected 47 gold pieces.

Inventory:

Hand Weapons
 m - a +0 dagger (weapon)
Armour
 a - a +0 robe (worn)
Jewellery
 f - a +5 ring of evasion (left hand)
 k - a ring of wizardry (right hand)
 r - a +4 ring of protection
 s - a ring of wizardry
Scrolls
 e - a scroll of fear {unknown}
 i - a scroll of poison {unknown}
 j - a scroll of magic mapping {unknown}
 l - a scroll of summoning {unknown}
 o - a scroll of immolation {unknown}
 p - a scroll of enchant weapon {unknown}
 q - a scroll of vulnerability {unknown}
 v - a scroll of blinking {unknown}
Potions
 b - a potion of magic
 c - a potion of lignification {unknown}
 d - a potion of attraction {unknown}
 g - a potion of haste {unknown}
 h - a potion of ambrosia {unknown}
 n - 2 potions of flight {unknown}
 t - a potion of heal wounds {unknown}
 u - a potion of cancellation {unknown}


   Skills:
 + Level 1.5 Fighting
 - Level 2.6 Dodging
 - Level 2.1 Stealth
 + Level 2.5 Spellcasting
 + Level 4.8 Ice Magic


You had 6 spell levels left.
You knew the following spells:

 Your Spells              Type           Power      Damage    Failure   Level
a - Freeze                Ice            68%        1d8       1%          1

Your spell library contained the following spells:

 Spells                   Type           Power      Damage    Failure   Level
 Frozen Ramparts          Ice            34%        1d6       3%          3
 Ozocubu's Armour         Ice            17%        N/A       3%          3
 Blink                    Tloc           4%         N/A       12%         2
 Summon Ice Beast         Ice/Summ       9%         N/A       28%         4
 Manifold Assault         Tloc           2%         N/A       58%         4
 Storm Form               Tmut/Air       1%         N/A       100%        7


Dungeon Overview and Level Annotations

Branches:
Dungeon (2/15)

Altars:


Innate Abilities, Weirdness & Mutations

((You are very nimble when in or above water. (Stealth+, EV+, Speed+++)))
Your lower body shifts to a powerful aquatic tail in water.


Message History

Casting: Freeze (safe; 1% risk of failure)
Confirm with . or Enter, or press ? or * to list all spells.
Aiming: Freeze (safe; 1% risk of failure)
Press: ? - help, Shift-Dir - straight line, f/p - quokka
Aim: a quokka (severely wounded)
You freeze the quokka.
The quokka is almost dead.
The bat misses you. The quokka barely misses you. The bat barely misses you.
Unknown command.
Casting: Freeze (safe; 1% risk of failure)
Confirm with . or Enter, or press ? or * to list all spells.
Aiming: Freeze (safe; 1% risk of failure)
Press: ? - help, Shift-Dir - straight line, f/p - quokka
Aim: a quokka (almost dead)
You freeze the quokka.
You kill the quokka!
The bat misses you.
Unknown command.
You hit the bat but do no damage. The bat closely misses you.
The bat hits you but does no damage. Something hits you.
* * * LOW HITPOINT WARNING * * *
Unknown command.
You hit the bat.
The bat is heavily wounded.
The bat misses you.
Unknown command.
You hit the orc but do no damage. The bat hits you but does no damage.
Something barely misses you. The orc hits you with a +0 dagger.
* * * LOW HITPOINT WARNING * * *
Casting: Freeze (safe; 1% risk of failure)
Confirm with . or Enter, or press ? or * to list all spells.
Aiming: Freeze (safe; 1% risk of failure)
Press: ? - help, Shift-Dir - straight line, f - orc
Aim: an orc, wielding a +0 dagger and wearing a +0 leather armour You freeze the orc!
The orc is almost dead.
The bat completely misses you. Something hits you.
* * * LOW HITPOINT WARNING * * *
The orc hits you with a +0 dagger.
You die...

.... #.................#
.....#............>##..######
............#######.........#
............# ###..##......#
.....#......####...###......#
.... #......##...### #......#
... #....(.##.### ###......#
.o #....o.#.b# .........# .
####..oo@## ##.###.#.###
##.†######..(## .#.#
###...##........# .#.#
#.#......#........#
..........#........##.
###.......#...........
#................###
..>...............#
.###.....(.........#


You could see 3 orcs and a bat.

Vanquished Creatures
  2 dart slugs (D:1)
  4 endoplasms (D:1)
  3 giant cockroaches
  3 goblins
  A kobold (D:1)
  2 quokkas
  6 bats
  3 frilled lizards
  6 rats (D:1)
30 creatures vanquished.

Notes
Turn   | Place    | Note
-------+----------+-------------------------------------------
     0 | D:1      | safid the Merfolk Ice Elementalist began the quest for the
                  | Orb.
     0 | D:1      | Reached XP level 1. HP: 13/13 MP: 3/3
   264 | D:1      | Reached XP level 2. HP: 18/20 MP: 1/5
   357 | D:1      | Reached skill level 1 in Fighting
   608 | D:1      | Reached XP level 3. HP: 19/26 MP: 6/6
   968 | D:2      | HP: 1/26 [something (2)]
   968 | D:2      | Slain by an orc

Illustrated notes

Levels and vault maps discovered:
D:1:      ncdulo_smallfort, layout_rooms, minmay_hexomino_f4
D:2:      layout_rooms

Skill      XL: |  1  2 |
---------------+-------+-----
Fighting       | 1 |  1.5
Dodging        | |  2.6
Stealth        | |  2.1
Spellcasting   | |  2.5
Ice Magic      | |  4.8

Action                     || total
---------------------------++-------
  Melee: Unarmed           ||    25
         Dagger            ||    69
   Cast: Freeze            ||    34
   Stab: Sleeping          ||     1
 Armour: Robe              ||    17
  Dodge: Dodged            ||   136
